 Dungeon Crawl Stone Soup version 0.32-a0-520-g344ed53f66 (webtiles) character file.

Game seed: 13016848901550926604

174161 Implojin the Peltast (level 17, -12/171 HPs)
             Began as a Mountain Dwarf Monk on Feb 26, 2024.
             Was the Champion of Okawaru.
             Mangled by a pharaoh ant (24 damage)
             ... on level 4 of the Spider Nest on Feb 27, 2024.
             The game lasted 01:43:02 (46424 turns).

Implojin the Peltast (Mountain Dwarf Monk)         Turns: 46424, Time: 01:43:03

Health: -12/171    AC: 37    Str: 22 (24) XL:     17   Next: 44%
Magic:  1/25       EV: 15    Int: 15 (17) God:    Okawaru [******]
Gold:   618        SH: 15    Dex: 11 (12) Spells: 16/16 levels left

rFire   x . .        S - +10 demon whip of Chance {pain, *Noise rC+++}
rCold   + + +        z - +0 kite shield
rNeg    . . .        G - +8 plate armour of Macaroni {rPois rC+ Str+3}
rPois   +            (helmet restricted)
rElec   .            v - +1 cloak {rCorr}
rCorr   +            E - +2 pair of gloves
SInv    .            g - +2 pair of boots {Stlth+}
Will    +....        Q - amulet of faith Stlth
                     c - ring of Lumiminti {rF- EV+5 Int+5 Slay+5}
HPRegen 0.48/turn    T - ring of resist corrosion
MPRegen 0.19/turn

%: faith
@: heroic, finesse-ful, studying Ranged Weapons
A: runic magic, artefact enchanting, horns 1, robust 1, evolution 1, inability
to drink after injury 1
a: Renounce Religion, Heroism, Finesse, Duel


You were on level 4 of the Spider Nest.
You worshipped Okawaru.
Okawaru was exalted by your worship.
You visited 5 branches of the dungeon, and saw 27 of its levels.
You also visited: Volcano.

You collected 2926 gold pieces.
You spent 2308 gold pieces at shops.

Inventory:

Hand Weapons
 h - a +1 heavy war axe
 y - a +1 broad axe
 S - the +10 demon whip of Chance (weapon) {pain, *Noise rC+++}
   (Okawaru gifted it to you on level 3 of the Spider Nest)

   rC+++:     It renders you almost immune to cold.
   *Noise:    It may make a loud noise when swung.
Missiles
 i - 5 boomerangs (quivered)
 u - 35 poisoned darts
 x - 8 atropa-tipped darts
 H - 8 datura-tipped darts
 K - 10 silver javelins
 P - 6 javelins
 R - 4 throwing nets
 U - 3 curare-tipped darts
 W - a dart of dispersal
Armour
 g - a +2 pair of boots of stealth (worn)
 o - a +2 helmet
 p - the +0 cloak "Nyvoiry" {rElec rPois rC+}
   (Okawaru gifted it to you on level 3 of the Spider Nest)

   rC+:       It protects you from cold.
   rElec:     It insulates you from electricity.
   rPois:     It protects you from poison
 v - a +1 cloak of preservation (worn)
 z - a +0 kite shield (worn)
 E - a +2 pair of gloves (worn)
 G - the +8 plate armour of Macaroni (worn) {rPois rC+ Str+3}
   (You bought it in a shop on level 1 of the Orcish Mines)

   Str+3:     It affects your strength (+3).
   rC+:       It protects you from cold.
   rPois:     It protects you from poison
 L - a +0 tower shield
Jewellery
 c - the ring of Lumiminti (left hand) {rF- EV+5 Int+5 Slay+5}
   (You bought it in a shop on level 2 of the Orcish Mines)

   [ring of evasion]

   EV+5:      It affects your evasion (+5).
   Int+5:     It affects your intelligence (+5).
   Slay+5:    It affects your accuracy & damage with ranged weapons and melee
   (+5).
   rF-:       It makes you vulnerable to fire.
 d - a ring of flight
 r - a +6 ring of strength
 w - an amulet of guardian spirit
 M - a ring of see invisible
 O - a ring of protection from fire
 Q - an amulet of faith (around neck)
 T - a ring of resist corrosion (right hand)
Wands
 a - a wand of quicksilver (8)
 q - a wand of digging (10)
 F - a wand of roots (26)
Scrolls
 b - 3 scrolls of revelation
 e - 2 scrolls of enchant weapon
 l - 3 scrolls of silence
 C - 4 scrolls of immolation
 D - 9 scrolls of vulnerability
 I - 5 scrolls of fog
 J - 2 scrolls of identify
 X - 2 scrolls of poison
 Y - a scroll of fear
 Z - 3 scrolls of teleportation
Potions
 f - a potion of resistance
 j - 2 potions of attraction
 k - 3 potions of might
 m - 2 potions of invisibility
 n - a potion of lignification
 s - 3 potions of haste
 t - a potion of curing
 B - 3 potions of mutation
 N - a potion of magic
 V - a potion of ambrosia
Miscellaneous
 A - a lightning rod (4/4)


   Skills:
 - Level 15.0(20.0) Fighting
 - Level 14.8(22.0) Axes
 * Level 14.0(21.6) Maces & Flails
 - Level 10.0(15.0) Throwing
 - Level 15.0(20.0) Armour
 - Level 2.1(7.1) Dodging
 - Level 16.1(21.1) Shields
 - Level 11.0 Invocations


You had 16 spell levels left.
You didn't know any spells.
Your spell library contained the following spells:

 Spells                   Type           Power      Damage    Failure   Level
 Freeze                   Ice            0%         1d3       45%         1
 Kiss of Death            Conj/Necr      0%         2d5       45%         1
 Shock                    Conj/Air       0%         1d3       45%         1
 Blink                    Tloc           0%         N/A       61%         2
 Cigotuvi's Dreadful Rot  Necr/Alch/Air  0%         N/A       61%         2
 Lesser Beckoning         Tloc           0%         N/A       61%         2
 Mercury Vapours          Alch/Air       0%         N/A       61%         2
 Momentum Strike          Conj/Tloc      0%         3d8       61%         2
 Static Discharge         Conj/Air       0%         3-3/arc   61%         2
 Sublimation of Blood     Necr           0%         N/A       61%         2
 Confusing Touch          Hex            0%         N/A       83%         3
 Dazzling Flash           Conj/Hex       0%         N/A       83%         3
 Frozen Ramparts          Ice            0%         1d1       83%         3
 Gell's Gravitas          Tloc           0%         N/A       83%         3
 Hailstorm                Conj/Ice       0%         3d5       83%         3
 Mephitic Cloud           Conj/Alch/Air  0%         N/A       83%         3
 Teleport Other           Tloc           0%         N/A       83%         3
 Volatile Blastmotes      Fire/Tloc      0%         2d10      83%         3
 Airstrike                Air            0%         2d(0-16)  99%         4
 Brom's Barrelling Bould  Conj/Erth      0%         2d3       99%         4
 Dispel Undead            Necr           0%         3d6       99%         4
 Ignite Poison            Fire/Alch      0%         N/A       99%         4
 Leda's Liquefaction      Alch/Erth      0%         N/A       99%         4
 Petrify                  Alch/Erth      0%         N/A       99%         4
 Fireball                 Conj/Fire      0%         3d3       100%        5
 Freezing Cloud           Conj/Ice/Air   0%         6-21      100%        5
 Irradiate                Conj/Alch      0%         3d11      100%        5
 Iskenderun's Battlesphe  Conj           0%         2d6       100%        5
 Lee's Rapid Deconstruct  Erth           0%         3d4*      100%        5
 Silence                  Hex/Air        0%         N/A       100%        5
 Bombard                  Conj/Erth      0%         9d1       100%        6
 Conjure Ball Lightning   Conj/Air       0%         3x3d6     100%        6
 Dispersal                Tloc           0%         N/A       100%        6
 Starburst                Conj/Fire      0%         6d3       100%        6
 Orb of Destruction       Conj           0%         9d5       100%        7
 Maxwell's Capacitive Co  Air            0%         ∞         100%        8
 Summon Lightning Spire   Summ/Air       Unusable   N/A       N/A         4

Dungeon Overview and Level Annotations

Branches:
Dungeon (15/15)            Temple (1/1) D:6            Lair (5/5) D:10
  Swamp (0/4) Lair:2       Spider (4/4) Lair:2        Slime (0/5) Lair:4
    Orc (2/2) D:9             Elf (0/3) Orc:2        Vaults (0/5) D:14
 Depths (0/4) D:15        Volcano (visited)

Altars:
Ashenzari
Cheibriados
Dithmenos
Elyvilon
Fedhas
Gozag
Hepliaklqana
Kikubaaqudgha
Makhleb
Nemelex Xobeh
Okawaru
Qazlal
Ru
Sif Muna
Trog
Uskayaw
Vehumet
Wu Jian
Xom
Yredelemnul
Zin
The Shining One
Beogh
Jiyva

Shops:
D:7 *   D:9 *:   D:13 :   D:14 *   Orc:1 [   Orc:2 =:[[(*=

Annotations:
Lair:3 Rupert
Lair:5 3 runed translucent doors, exclusion: 3 doors, Hanaexe's ghost, journeyman DgDe
Spider:1 2 transporters, exclusion: 3 oklob plants, whatisthis's ghost, journeyman SpHu
Spider:3 2 transporters, Oroqousi's ghost, adept GrEE


Innate Abilities, Weirdness & Mutations

Your spellcasting is much less encumbered by armour.
You can use scrolls of enchantment on lesser artefacts.
You have a pair of small horns on your head.
You are robust. (+10% HP)
You have hidden genetic potential.
You occasionally lose the ability to drink potions when taking damage.


Message History

The pharaoh ant bites you!! The wolf spider hits you.
The wolf spider completely misses you.
The culicivora chitters at the broodmother.
The broodmother is healed somewhat.
Danger: Low HP Warning |T3| Reason: 29% HP (51/171)
You whack the broodmother!
The broodmother is severely wounded.
The jumping spider barely misses you. The jumping spider bites you.
Danger: Low HP Warning |T3| Reason: 28% HP (49/171)
You barely miss the broodmother. You headbutt the broodmother.
The broodmother is severely wounded.
The broodmother barely misses you. You block the pharaoh ant's attack.
The wolf spider hits you!
The wolf spider bites you but does no damage.
Danger: Low HP Warning |T3| Reason: 23% HP (40/171)
You whack the broodmother! You headbutt the broodmother!
The broodmother is severely wounded.
The jumping spider closely misses you. You block the jumping spider's attack.
Unknown command.
You thrash the broodmother!!
The broodmother is almost dead.
The broodmother bites you! The wolf spider closely misses you.
You block the wolf spider's attack.
Danger: Low HP Warning |T3| Reason: 15% HP (26/171)
You whack the broodmother!
You kill the broodmother!
Okawaru accepts your kill. Okawaru grants you throwing weapons!
Something appears at your feet!
The wolf spider disappears in a puff of smoke!
The culicivora disappears in a puff of smoke!
The jumping spider disappears in a puff of smoke!
The pharaoh ant bites you!!
Your base Maces & Flails skill increases to level 14!
Danger: Low HP Warning |T3| Reason: 2% HP (5/171)
Okay, then.
Okay, then.
Okay, then.
You feel better. The pharaoh ant bites you!!
You die...

#...###.###..##.....##^#
#~..##.^..#...#...^.#..##
...##.....##..###.###.^.#
...........^....#.#....^#
...##.....##...^.......^#
..†.##...##...s.......###
^...###.###......^....##
....^.#.#....^^..§.....#
....^^)......###@###...#
.^........^###.§sB.###.#
^#.#.^.....#...^.§^..#^#
##.###....##...###...###
#...##^...#...# #.^[#
^....##^..+..# #.!#
..........#.. .!#
....^##..^## ##
#...##.....#


You could see a culicivora, a pharaoh ant and a jumping spider.

Vanquished Creatures
  Jorgrun (D:14)
  Aizul (Spider:1)
  The ghost of Tewoziw the Warrior, a journeyman FoFi of Okawaru (D:15)
  3 emperor scorpions
  Louise (Spider:2)
  3 ghost moths
  An orc warlord (Orc:1)
  An ironbound preserver (D:13)
  9 broodmothers
  An eleionoma (Lair:2)
  A spark wasp (Spider:3)
  Snorg (Orc:1)
  2 fire dragons
  3 ettins
  6 entropy weavers
  Josephine (D:14)
  A rakshasa (D:15)
  5 hydras
  2 jorogumos
  A catoblepas (D:15)
  Erica (D:9)
  7 radroaches
  An ogre mage (D:15)
  The ghost of dogverified the Grappler, a novice TrBe of Trog (Lair:1)
  8 boulder beetles
  13 two-headed ogres
  7 centaur warriors
  3 tengu warriors
  The ghost of zewo the Gusty, a novice DrAE of Hepliaklqana (D:8)
  A death yak (D:10)
  4 demonic crawlers
  A fire crab (Lair:5)
  4 pharaoh ants
  8 skeletal warriors
  4 sun moths
  2 glowing orange brains
  A swamp dragon (Lair:5)
  11 orb spiders
  Pikel (D:8)
  3 deep elf pyromancers
  2 lindwurms
  5 orc knights
  5 steelbarb worms
  2 orc sorcerers (Orc:1)
  4 oklob plants (Lair:4)
  21 wolf spiders
  12 ugly things
  4 cyclopes
  A manticore (D:13)
  Maurice (D:7)
  Joseph (D:9)
  3 moths of wrath
  7 meliai
  3 kobold blastminers (Orc:2)
  2 torpor snails
  A guardian serpent (Lair:5)
  7 black mambas
  2 molten gargoyles (Volcano)
  18 cane toads
  Jeremiah (D:6)
  2 kobold demonologists (D:14)
  3 rime drakes
  2 unseen horrors
  2 efreet
  9 komodo dragons
  A tengu conjurer (D:14)
  Psyche (D:8)
  14 trolls
  A raiju (shapeshifter) (D:13)
  Grinder (D:5)
  6 hornets
  A polar bear (Lair:4)
  21 tarantellas
  5 blink frogs
  32 jumping spiders
  4 slime creatures
  26 culicivoras
  A vampire (D:11)
  7 fire bats
  A spriggan (shapeshifter) (D:15)
  Eustachio (D:5)
  7 wraiths
  12 wyverns
  4 shadows
  7 steam dragons
  4 basilisks
  58 redbacks
  5 wargs
  32 yaks
  11 vampire mosquitoes
  Menkaure (D:5)
  3 acid dragons
  A hell hound (Volcano)
  22 water moccasins
  3 swamp drakes (Lair:5)
  5 black bears
  41 orc warriors
  3 laughing skulls (D:13)
  3 sky beasts
  5 ogres
  17 centaurs
  8 wolves
  2 kobold brigands
  Blork the orc (D:6)
  10 bullfrogs
  3 gnoll sergeants
  3 scorpions
  10 killer bees
  10 howler monkeys
  9 electric eels
  7 lava snakes (Volcano)
  2 bombardier beetles
  2 hounds (D:6)
  13 orc priests
  2 jellies (D:6)
  2 sleepcaps
  2 gnoll boudas
  Crazy Yiuf (D:2)
  15 orc wizards
  9 iguanas
  15 hell rats
  Robin (D:2)
  10 adders
  38 gnolls
  A white imp (D:6)
  4 ufetubi
  3 dart slugs
  A ribbon worm (D:2)
  89 orcs
  4 bats
  4 endoplasms
  3 giant cockroaches
  11 goblins
  11 hobgoblins
  12 jackals
  A quokka (D:2)
  4 ball pythons
  5 frilled lizards
  14 kobolds
  4 rats
960 creatures vanquished.

Vanquished Creatures (others)
  An orb spider (Spider:4)
  A hell hound (Volcano)
  2 iguanas (Lair:5)
  An orc (D:9)
5 creatures vanquished.

Grand Total: 965 creatures vanquished

Notes
Turn   | Place    | Note
-------+----------+-------------------------------------------
     0 | D:1      | Implojin the Mountain Dwarf Monk began the quest for the
                  | Orb.
     0 | D:1      | Reached XP level 1. HP: 19/19 MP: 1/1
   262 | D:1      | Reached XP level 2. HP: 23/26 MP: 2/2
   862 | D:2      | Reached skill level 5 in Maces & Flails
   919 | D:2      | Reached XP level 3. HP: 27/31 MP: 3/3
  1068 | D:2      | Noticed Robin
  1253 | D:2      | Killed Robin
  1254 | D:2      | Reached XP level 4. HP: 37/38 MP: 4/4
  1538 | D:2      | Found a runed translucent door.
  1539 | D:2      | Noticed Crazy Yiuf
  2358 | D:4      | Noticed a sky beast
  2656 | D:4      | Noticed a scorpion
  2692 | D:4      | Killed a scorpion
  2693 | D:4      | Reached XP level 5. HP: 42/46 MP: 5/5
  2945 | D:4      | Killed a sky beast
  2946 | D:4      | Reached XP level 6. HP: 44/52 MP: 6/6
  3271 | D:4      | Got the Discursus on the Tempest
  3478 | D:4      | Reached XP level 7. HP: 54/59 MP: 7/7
  3656 | D:5      | Entered Level 5 of the Dungeon
  3810 | D:5      | Reached skill level 10 in Maces & Flails
  3913 | D:5      | Noticed Eustachio
  4171 | D:4      | Reached skill level 5 in Fighting
  4394 | D:5      | Noticed Grinder
  4977 | D:5      | Found a snail-covered altar of Cheibriados.
  5004 | D:5      | Reached XP level 8. HP: 34/71 MP: 8/8
  5276 | D:5      | Noticed Menkaure
  5458 | D:6      | Reached skill level 1 in Armour
  5465 | D:6      | Found a staircase to the Ecumenical Temple.
  5479 | Temple   | Entered the Ecumenical Temple
  5485 | Temple   | Became a worshipper of Warmaster Okawaru
  5485 | Temple   | Reached * piety under Okawaru
  5485 | Temple   | Reached ** piety under Okawaru
  5506 | D:6      | Noticed Blork the orc
  5526 | D:6      | Killed Blork the orc
  5712 | D:6      | Reached skill level 5 in Armour
  5964 | D:6      | Reached XP level 9. HP: 79/79 MP: 9/9
  6054 | D:6      | Found a radiant altar of Vehumet.
  6191 | D:6      | Found a bloodstained altar of Trog.
  6233 | D:6      | Reached *** piety under Okawaru
  6499 | D:6      | Reached skill level 1 in Invocations
  6858 | D:7      | Noticed Jeremiah
  6860 | D:7      | Noticed Maurice
  6931 | D:7      | Found Yhick's Assorted Antiques.
  6940 | D:7      | Bought a scroll of identify for 52 gold pieces
  6940 | D:7      | Bought a scroll of enchant armour for 195 gold pieces
  6940 | D:7      | Bought a scroll labelled UPSENGY KIUM for 26 gold pieces
  6940 | D:7      | Bought a cyan potion for 23 gold pieces
  7130 | D:7      | Reached skill level 5 in Invocations
  7494 | D:7      | Maurice stole 6 datura-tipped darts
  7496 | D:7      | Maurice stole a +0 scimitar of protection
  7499 | D:7      | Killed Maurice
  7501 | D:7      | Reached **** piety under Okawaru
  7853 | D:6      | Killed Jeremiah
  8180 | D:8      | Noticed Psyche
  8187 | D:8      | Killed Psyche
  8296 | D:8      | Reached skill level 10 in Invocations
  8335 | D:8      | Reached XP level 10. HP: 45/86 MP: 7/17
  9094 | D:8      | Found a large runed translucent door.
  9094 | D:8      | Found a large runed translucent door.
  9095 | D:8      | Noticed zewo's ghost (novice DrAE)
  9250 | D:8      | Noticed Pikel
  9264 | D:8      | Killed Pikel
  9657 | D:8      | Found a glowing golden altar of the Shining One.
  9817 | D:9      | Reached skill level 10 in Fighting
  9922 | D:9      | Found Faxzeoza's Book Emporium.
 10003 | D:9      | Found Nygoloelio's Gadget Gallery.
 10051 | D:9      | Noticed a two-headed ogre
 10216 | D:9      | Reached ***** piety under Okawaru
 10283 | D:9      | Killed a two-headed ogre
 10310 | D:9      | Noticed a two-headed ogre
 10326 | D:9      | Killed a two-headed ogre
 10327 | D:9      | Reached XP level 11. HP: 73/102 MP: 12/19
 10350 | D:9      | Noticed Joseph
 10365 | D:9      | Killed Joseph
 10644 | D:9      | Received a gift from Okawaru
 10652 | D:9      | Reached skill level 10 in Armour
 10675 | D:9      | Reached skill level 1 in Throwing
 10829 | D:9      | Found a staircase to the Orcish Mines.
 10829 | D:9      | Noticed Erica
 11008 | D:9      | Found a roughly hewn altar of Beogh.
 11054 | D:9      | Killed Erica
 11209 | D:10     | Entered Level 10 of the Dungeon
 11821 | D:10     | Noticed a death yak
 11849 | D:10     | Killed a death yak
 11852 | D:10     | Reached skill level 5 in Throwing
 12075 | D:10     | Found a staircase to the Lair.
 12531 | D:10     | Found a glowing silver altar of Zin.
 12651 | D:10     | Received a gift from Okawaru
 13039 | D:11     | Noticed a boulder beetle
 13051 | D:11     | Killed a boulder beetle
 13823 | D:11     | Noticed a boulder beetle
 13834 | D:11     | Killed a boulder beetle
 13835 | D:11     | Reached XP level 12. HP: 98/110 MP: 20/20
 14596 | D:11     | Noticed a two-headed ogre
 14609 | D:11     | Killed a two-headed ogre
 14950 | D:2      | Killed Crazy Yiuf
 15047 | D:5      | Killed Grinder
 15090 | D:5      | Killed Menkaure
 15207 | D:5      | Found a sparkling altar of Nemelex Xobeh.
 15293 | D:5      | Killed Eustachio
 15623 | D:8      | Killed zewo's ghost
 15891 | Lair:1   | Entered Level 1 of the Lair of Beasts
 15895 | Lair:1   | You fall into a shaft and drop 1 floor!
 16239 | Lair:2   | Received a gift from Okawaru
 16724 | Lair:2   | Noticed an eleionoma
 16731 | Lair:2   | Killed an eleionoma
 16732 | Lair:2   | Reached skill level 10 in Throwing
 16737 | Lair:2   | Found a staircase to the Swamp.
 17108 | Lair:1   | Reached skill level 2 in Shields
 17653 | Lair:1   | Noticed dogverified's ghost (novice TrBe)
 17654 | Lair:1   | Found a transporter.
 17657 | Lair:1   | Found a transporter.
 17672 | Lair:1   | Found a runed translucent door.
 17701 | Lair:1   | Reached skill level 3 in Shields
 17933 | Lair:1   | Received a gift from Okawaru
 18278 | Lair:1   | Reached skill level 4 in Shields
 18607 | Lair:1   | Noticed a boulder beetle
 18621 | Lair:1   | Killed a boulder beetle
 18826 | Lair:2   | Reached skill level 5 in Shields
 19019 | Lair:2   | Found a hole to the Spider Nest.
 19088 | Lair:2   | Reached skill level 6 in Shields
 19770 | Lair:2   | Reached skill level 7 in Shields
 20139 | Lair:3   | Received a gift from Okawaru
 20260 | Lair:3   | Reached XP level 13. HP: 93/116 MP: 21/21
 20269 | Lair:3   | Found a dark tunnel.
 20292 | Volcano  | Entered a volcano
 20420 | Volcano  | Reached skill level 8 in Shields
 20698 | Volcano  | Found a burning altar of Makhleb.
 20981 | Volcano  | Noticed a fire dragon
 21000 | Volcano  | Killed a fire dragon
 21001 | Volcano  | Reached skill level 9 in Shields
 21568 | Lair:3   | Noticed Rupert
 22091 | Lair:4   | Reached skill level 10 in Shields
 22306 | Lair:4   | Received a gift from Okawaru
 22624 | Lair:4   | Found a viscous altar of Jiyva.
 22934 | Lair:4   | Found a staircase to the Slime Pits.
 23078 | Lair:4   | Reached skill level 11 in Shields
 23592 | Lair:5   | Entered Level 5 of the Lair of Beasts
 24127 | Lair:5   | Found a runed translucent gate.
 24127 | Lair:5   | Noticed Hanaexe's ghost (journeyman DgDe)
 24310 | Lair:5   | Reached skill level 12 in Shields
 24618 | Lair:5   | Found a runed translucent gate.
 24618 | Lair:5   | Found a runed translucent gate.
 24754 | Lair:5   | Reached skill level 1 in Axes
 24867 | Lair:5   | Received a gift from Okawaru
 25214 | Lair:5   | Reached skill level 5 in Axes
 25724 | Lair:5   | Received a gift from Okawaru
 26095 | Lair:5   | Reached XP level 14. HP: 31/124 MP: 22/22
 26622 | Lair:5   | Identified the +6 mace of the Five Tales {freeze, Will++
                  | Int+6}
 27833 | Lair:1   | Killed dogverified's ghost
 28701 | D:12     | Reached skill level 10 in Axes
 29041 | D:12     | Received a gift from Okawaru
 29356 | D:13     | Found Usmuesas's Tremendous Tomes.
 30730 | D:13     | Received a gift from Okawaru
 30754 | D:13     | Identified the staff of Exquisite Torment {rPois rF+ rC+
                  | Str+3 Ice}
 31001 | D:14     | Found a gate to the Vaults.
 31005 | D:14     | Noticed an ironbound preserver
 31062 | D:13     | Killed an ironbound preserver
 31093 | D:14     | Found Atojol's Alliterative Armaments.
 31316 | D:14     | Noticed Jorgrun
 31333 | D:14     | Noticed Josephine
 32049 | D:14     | Killed Josephine
 32060 | D:14     | Received a gift from Okawaru
 32473 | D:14     | Reached skill level 13 in Shields
 32566 | D:14     | Reached XP level 15. HP: 23/130 MP: 23/23
 32869 | D:14     | Killed Jorgrun
 33185 | D:15     | Entered Level 15 of the Dungeon
 33363 | D:15     | Found a transporter.
 33363 | D:15     | Noticed Tewoziw's ghost (journeyman FoFi)
 33364 | D:15     | Found a transporter.
 33365 | D:15     | Identified the +6 great mace "Joqigoz" {freeze, Dex+2}
 33424 | D:15     | Reached skill level 14 in Shields
 34275 | D:15     | Received a gift from Okawaru
 34386 | D:15     | Reached skill level 15 in Shields
 35218 | D:15     | Found a staircase to the Depths.
 35259 | D:15     | Upgraded the game from 0.32-a0-485-g70f7560b1c to
                  | 0.32-a0-520-g344ed53f66
 35453 | Orc:1    | Entered Level 1 of the Orcish Mines
 35453 | Orc:1    | Found Ceuroamm's Antique Armour Shop.
 35454 | Orc:1    | Noticed Snorg
 35464 | Orc:1    | Killed Snorg
 35464 | Orc:1    | Received a gift from Okawaru
 35701 | D:9      | Reached skill level 16 in Shields
 36137 | Orc:2    | Entered Level 2 of the Orcish Mines
 36143 | Orc:2    | Found a staircase to the Elven Halls.
 36158 | Orc:2    | Found Pang's Jewellery Shop.
 36178 | Orc:2    | Found Ivug's Assorted Antiques.
 36639 | Orc:2    | Found Dunk's Jewellery Boutique.
 36658 | Orc:2    | Received a gift from Okawaru
 37684 | Orc:2    | Found Xoung's Armour Emporium.
 37684 | Orc:2    | Found Rufe's Armour Boutique.
 37686 | Orc:2    | Found Aheciupn's Book Shop.
 37688 | Orc:2    | Found Riryi's Weapon Shoppe.
 37926 | Orc:1    | Bought a masterwork plate armour for 952 gold pieces
 37926 | Orc:1    | Identified the +8 plate armour of Macaroni {rPois rC+
                  | Str+3} (You bought it in a shop on level 1 of the Orcish
                  | Mines)
 37989 | Orc:2    | Bought the ring of Lumiminti {rF- EV+5 Int+5 Slay+5} for
                  | 810 gold pieces
 38023 | Orc:2    | Bought a +1 cloak of preservation for 214 gold pieces
 38062 | Orc:2    | Bought a bubbling pink potion for 36 gold pieces
 38543 | D:15     | Killed Tewoziw's ghost
 38844 | Spider:1 | Entered Level 1 of the Spider Nest
 38899 | Spider:1 | Identified the serpent talisman "Peannob" {rF- rC+ SInv}
 38899 | Spider:1 | Noticed Aizul
 38910 | Spider:1 | Killed Aizul
 38914 | Spider:1 | Received a gift from Okawaru
 39172 | Spider:1 | Found a transporter.
 39208 | Spider:1 | Noticed whatisthis's ghost (journeyman SpHu)
 39230 | Spider:1 | Reached XP level 16. HP: 90/137 MP: 24/24
 39527 | Spider:1 | HP: 5/137 [something (7)]
 39588 | Spider:1 | Received a gift from Okawaru
 40394 | Spider:1 | Found a transporter.
 41262 | Spider:2 | Reached skill level 15 in Armour
 41475 | Spider:2 | Noticed Louise
 41478 | Spider:2 | Gained mutation: You occasionally lose the ability to drink
                  | potions when taking damage. [potion of mutation]
 41478 | Spider:2 | Gained mutation: You are robust. (+10% HP) [potion of
                  | mutation]
 41478 | Spider:2 | Gained mutation: You have hidden genetic potential. [potion
                  | of mutation]
 41495 | Spider:2 | Killed Louise
 41495 | Spider:2 | Received a gift from Okawaru
 42520 | Spider:2 | Received a gift from Okawaru
 42945 | Spider:3 | Found a transporter.
 42948 | Spider:3 | Noticed Oroqousi's ghost (adept GrEE)
 42951 | Spider:3 | Found a transporter.
 43726 | Spider:3 | Reached ****** piety under Okawaru
 43741 | Spider:3 | Received a gift from Okawaru
 43791 | Spider:3 | Acquired the +10 demon whip of Chance {pain, *Noise rC+++}
 43791 | Spider:3 | Received a gift from Okawaru
 43880 | Spider:3 | Acquired the +0 cloak "Nyvoiry" {rElec rPois rC+}
 43880 | Spider:3 | Received a gift from Okawaru
 44197 | Spider:4 | Entered Level 4 of the Spider Nest
 44307 | Spider:3 | Reached skill level 15 in Fighting
 44557 | Spider:3 | Reached XP level 17. HP: 149/171 MP: 25/25
 45396 | Spider:4 | Received a gift from Okawaru
 45936 | Spider:4 | Gained mutation: You have a pair of small horns on your
                  | head. [hidden potential]
 46423 | Spider:4 | Received a gift from Okawaru
 46423 | Spider:4 | HP: 5/171 [pharaoh ant (22)]
 46424 | Spider:4 | Mangled by a pharaoh ant

Illustrated notes

Levels and vault maps discovered:
D:1:      ncdulo_smallfort, layout_basic, feat_on_display
D:2:      layout_basic, uniq_robin, uniq_crazy_yiuf_cottage
D:3:      layout_basic
D:4:      lemuel_castle_with_subvaults [lemuel_castle_interior_carwin_3],
          layout_loops_ring, chequers_serial_rivers_marsh
D:5:      layout_rooms, lemuel_crystal_altar, amcnicky_altar_gilded,
          interstate_on_off, kennysheep_generic_room_13, uniq_grinder,
          uniq_eustachio, uniq_menkaure
D:6:      layout_layer_cave, lemuel_round_altar, marbit_many_paths,
          minmay_temple_entry_slanted, uniq_blork_the_orc
D:7:      layout_layer_cave, serial_shops, nicolae_lakefront_shop, uniq_maurice,
          uniq_jeremiah
D:8:      cheibrodos_steamvent, layout_loops_corners, tso_oasis_becter,
          ebering_ghost_disaster_area, minivault_4, uniq_psyche, uniq_pikel
D:9:      layout_loops_ring, minmay_orc_entry_temple_small, serial_shops, shop,
          st_stairs_8, nicolae_shop_gadgets, uniq_joseph, uniq_erica
D:10:     layout_roguey, zin_treasury, dpeg_lair_monsters, minmay_quadrilaterals
D:11:     layout_roguey, serial_bayou, serial_bayou_ford_a,
          serial_bayou_crossing, serial_bayou_pond_c, serial_bayou_pond_b
D:12:     layout_cave_pods
D:13:     minmay_octagon_keep, layout_basic, drop_trap,
          nicolae_shop_i_like_big_books
D:14:     kennysheep_scales, layout_cave_pools, hellmonk_vaults_order_and_chaos,
          minmay_misc_feat_cross, monkooky_shop_alliterative, uniq_jorgrun,
          uniq_josephine
D:15:     gammafunk_enter_depths_forms, layout_basic, gammafunk_ghost_smash,
          nrook_mini_vaults
Temple:   nicolae_temple_x_marks_the_god
Lair:1:   gammafunk_boulding_lane, layout_gridlike,
          hellmonk_ghost_happy_afterlife
Lair:2:   layout_long_grid, alex1729_swamp_entry_worm_eleionoma,
          spider_nest_entry_funnel_web
Lair:3:   layout_gridlike, nicolae_volcano_entry_batcave, guppyfry_lair_drakes,
          uniq_rupert
Lair:4:   layout_roguey, minmay_slime_entry_oklob_enclosed,
          infiniplex_staircase_pool
Lair:5:   guppyfry_lair_end_dragon, layout_cave_shapes,
          hangedman_lair_tendril_chambers, gammafunk_ghost_split
Spider:1: layout_chambers, nzn_ghost_randoct, nicolae_spider_nooks_and_crannies,
          uniq_aizul
Spider:2: layout_chambers, nicolae_spider_bug_shape, uniq_louise
Spider:3: layout_spider_delve, gammafunk_ghost_arena, guppyfry_hornet_nest
Spider:4: hellmonk_spider_rune_endless_swarm, hangedman_spider_tarantella_strand
Orc:1:    layout_caves, serial_shops, shop, uniq_snorg
Orc:2:    st_orc_rangers, layout_diamond_mine, serial_shops,
          nicolae_diamond_shop, nicolae_shop_gaudy_bauble, shop

Skill      XL: |  1  2  3  4  5  6  7  8  9 10 11 12 13 14 15 16 17 |
---------------+----------------------------------------------------+-----
Maces & Flails | 4 5 6 7 8 9 10 14 | 14.0
Fighting       | 4 6 7 11 15 | 15.0
Armour         | 7 8 9 10 12 15 | 15.0
Invocations    | 10 11 | 11.0
Throwing       | 7 10 | 10.0
Shields        | 7 12 13 16 | 16.1
Axes           | 7 14 | 14.8
Dodging        | |  2.1

Action                     |  1- 3 |  4- 6 |  7- 9 | 10-12 | 13-15 | 16-18 || total
---------------------------+-------+-------+-------+-------+-------+-------++-------
  Melee: Mace              |   112 |    12 |       |       |       |       ||   124
         Morningstar       |       |   134 |   357 |   947 |  1136 |       ||  2574
         War axe           |       |       |       |       |   544 |   386 ||   930
         Demon whip        |       |       |       |       |       |   374 ||   374
         Headbutt          |       |       |       |       |       |    16 ||    16
  Throw: Stone             |     2 |     3 |     3 |       |       |       ||     8
         Dart              |       |     6 |     4 |    25 |    38 |       ||    73
         Boomerang         |       |       |     8 |    67 |   159 |    80 ||   314
         Javelin           |       |       |       |     9 |   142 |    41 ||   192
         Throwing net      |       |       |       |       |     3 |       ||     3
 Invoke: Heroism           |       |       |     3 |    18 |    27 |     6 ||    54
         Finesse           |       |       |       |       |     4 |     3 ||     7
         Receive Weapon    |       |       |       |       |       |     1 ||     1
         Receive Armour    |       |       |       |       |       |     1 ||     1
  Evoke: Wand              |       |       |    10 |     4 |    13 |       ||    27
    Use: Scroll            |     2 |     1 |     9 |     7 |    19 |     1 ||    39
         Potion            |       |       |     2 |     3 |    12 |    14 ||    31
   Stab: Confused          |       |       |       |       |     1 |       ||     1
         Invisible         |       |       |       |       |     1 |       ||     1
         Held in net/web   |       |       |       |       |     1 |       ||     1
 Armour: Robe              |    21 |       |       |       |       |       ||    21
         Ring mail         |    19 |       |       |       |       |       ||    19
         Chain mail        |    56 |    14 |       |       |       |       ||    70
         Plate armour      |       |   104 |   446 |  1036 |  1825 |   816 ||  4227
         Skin              |       |       |       |       |       |     3 ||     3
  Dodge: Dodged            |    52 |    21 |   118 |   350 |   511 |   520 ||  1572
         Repelled          |       |       |       |       |     4 |     5 ||     9
  Block: Kite shield       |       |       |       |   120 |  1491 |   788 ||  2399

Table legend: (Time is in decaauts)
 A = Elapsed time spent in this place.
 B = Non-inter-level travel time spent in this place.
 C = Inter-level travel time spent in this place.
 D = Time resting spent in this place.
 E = Time spent auto-exploring this place.
 F = Levels seen in this place.
 G = Mean time per level.
                   A        B        C        D        E       F      G
               +--------+--------+--------+--------+--------+-----+--------+
         Total |  46391 |  43781 |   2610 |   9374 |  23390 |  28 | 1656.8 |
       Dungeon |  24325 |  22496 |   1829 |   3709 |  13189 |  15 | 1621.7 |
        Temple |     93 |     93 |      0 |     75 |      0 |   1 |   93.0 |
          Lair |  12031 |  11542 |    489 |   3434 |   5527 |   5 | 2406.2 |
   Spider Nest |   6937 |   6824 |    113 |   1273 |   3891 |   4 | 1734.2 |
  Orcish Mines |   2246 |   2068 |    178 |    609 |    783 |   2 | 1123.0 |
       Volcano |    757 |    757 |      0 |    273 |      0 |   1 |  757.0 |
               +--------+--------+--------+--------+--------+-----+--------+

Top non-repeatable levels by time:
  Lair:5: 3217 daAuts
  Lair:2: 2996 daAuts
  Lair:4: 2833 daAuts
    D:15: 2545 daAuts
Spider:3: 2212 daAuts
     D:4: 2204 daAuts
    D:13: 2169 daAuts
  Lair:1: 2169 daAuts
    D:11: 2119 daAuts
     D:8: 2081 daAuts
     D:9: 1965 daAuts
    D:10: 1900 daAuts
Spider:1: 1858 daAuts
     D:6: 1830 daAuts
    D:14: 1750 daAuts
